 Dungeon Crawl Stone Soup version 0.16.2-12-gd0ad4c3 (webtiles) character file.

45 GammafunkIsRetarded the Magician (level 3, 0/21 HPs)
             Began as a High Elf Ice Elementalist on June 8, 2018.
             Was an Initiate of Nemelex Xobeh.
             Killed from afar by an orc wizard (9 damage)
             ... with a puff of flame
             ... on level 3 of the Dungeon.
             The game lasted 00:10:08 (762 turns).

GammafunkIsRetarded the Magician (HEIE)              Turns: 762, Time: 00:10:08

Health: 0/21       AC:  2    Str:  8    XL:     3   Next: 42%
Magic:  0/10       EV: 13    Int: 18    God:    Nemelex Xobeh [......]
Gold:   89         SH:  0    Dex: 16    Spells: 1 memorised, 8 levels left

rFire  . . .     SeeInvis .     h - +1 whip (flame)
rCold  . . .     Clarity  .     a - +0 robe
rNeg   + + .     SustAb   .     (no shield)
rPois  .         Gourm    .     (no helmet)
rElec  .         Spirit   .     (no cloak)
rCorr  .         Warding  .     (no gloves)
rMut   .         Stasis   .     (no boots)
MR     .....                    (no amulet)
Stlth  ++........               j - ring of positive energy
                                g - ring of positive energy

@: not resistant to hostile enchantments, unstealthy
A: no striking features
a: Renounce Religion


You were on level 3 of the Dungeon.
You worshipped Nemelex Xobeh.
Nemelex Xobeh was noncommittal.
You were not hungry.

You visited 1 branch of the dungeon, and saw 3 of its levels.

You collected 89 gold pieces.

Inventory:

Hand weapons
 h - a +1 whip of flaming (weapon)
Armour
 a - a +0 robe (worn)
Jewellery
 g - a ring of positive energy (left hand)
 j - a ring of positive energy (right hand)
Scrolls
 e - a scroll of immolation {unknown}
 f - a scroll of remove curse {unknown}
 l - 3 scrolls of teleportation {unknown}
 m - a scroll of amnesia {unknown}
 n - a scroll of blinking {unknown}
 q - a scroll of noise {unknown}
Potions
 d - 2 potions of curing
 o - 2 potions of poison {unknown}
Books
 b - a book of Frost

   Spells                             Type                      Level
   a - Freeze                         Ice                          1
   b - Throw Frost                    Conjuration/Ice              2
   c - Ozocubu's Armour               Charms/Ice                   3
   d - Throw Icicle                   Conjuration/Ice              4
   e - Summon Ice Beast               Ice/Summoning                4
   f - Condensation Shield            Ice                          4
Miscellaneous
 i - a plain deck of changes
 k - a plain deck of war
Comestibles
 c - 3 bread rations
 p - a meat ration


   Skills:
 - Level 2.1 Dodging
 - Level 2.1 Stealth
 + Level 3.8 Spellcasting
   Level 1.1 Conjurations
 - Level 3.0 Ice Magic
 + Level 1.8 Evocations


You had 8 spell levels left.
You knew the following spells:

 Your Spells              Type           Power        Failure   Level  Hunger
a - Freeze                Ice            ##..         6%          1    None


Dungeon Overview and Level Annotations

Branches:
Dungeon (3/15)

Altars:
Ashenzari
Nemelex Xobeh


Message History

Casting: Freeze
Confirm with . or Enter, or press ? or * to list all spells.
Aiming: Freeze
Press: ? - help, Shift-Dir - straight line You freeze something.
You hear some strange, mumbled words.
Something tries to affect you, but you resist.
Casting: Freeze
Confirm with . or Enter, or press ? or * to list all spells.
Aiming: Freeze
Press: ? - help, Shift-Dir - straight line You freeze something.
Casting: Freeze
Confirm with . or Enter, or press ? or * to list all spells.
You don't have enough magic to cast that spell.
You completely miss something.
You hear some strange, mumbled words.
The puff of flame hits you!
You die...
Your body disappears without a glow. ..# #..# #..# . #..# # .# #..#.# .# #..#. .# .oo

###.## #{#
.... #@# # #..
#.#
#.#.########.#
#..<.........#
###.########.#
### ###


You could see 2 orcs.

Vanquished Creatures
  2 adders (D:2)
  A worm (D:2)
  An orc (D:3)
  3 bats
  3 goblins
  4 hobgoblins
  3 giant newts
  3 kobolds
  2 rats
22 creatures vanquished.

Notes
Turn   | Place    | Note
--------------------------------------------------------------
     0 | D:1      | GammafunkIsRetarded, the High Elf Ice Elementalist, began the quest for the Orb.
     0 | D:1      | Reached XP level 1. HP: 11/11 MP: 4/4
   167 | D:1      | Reached XP level 2. HP: 10/17 MP: 5/7
   196 | D:1      | Found a sparkling altar of Nemelex Xobeh.
   206 | D:1      | Became a worshipper of Nemelex Xobeh the Trickster
   284 | D:2      | Received a gift from Nemelex Xobeh
   292 | D:2      | Found a shattered altar of Ashenzari.
   606 | D:2      | Reached skill level 1 in Evocations
   606 | D:2      | Reached XP level 3. HP: 12/21 MP: 2/10
   762 | D:3      | Killed from afar by an orc wizard

Action                   || total
-------------------------++-------
Melee: Unarmed           ||     6
       Whip              ||    11
 Cast: Freeze            ||    39
  Use: Potion            ||     1
